 Dungeon Crawl Stone Soup version 0.31-a0-466-g98c9adc2b6 (webtiles) character file.

Game seed: 9843017735996281123

352 pokeman the Magician (level 6, 0/34 HPs)
             Began as a Deep Elf Hedge Wizard on Aug 5, 2023.
             Was a Follower of Vehumet.
             Slain by a gnoll bouda
             ... wielding a +0 whip
              (7 damage)
             ... on level 3 of the Dungeon.
             The game lasted 00:05:27 (3886 turns).

pokeman the Magician (Deep Elf Hedge Wizard)        Turns: 3886, Time: 00:05:28

Health: 0/34       AC:  4    Str:  7    XL:     6   Next: 34%
Magic:  15/26      EV: 13    Int: 21    God:    Vehumet [*.....]
Gold:   182        SH:  0    Dex: 14    Spells: 9/18 levels left

rFire   + . .        t - +4 quarterstaff (chaos)
rCold   + . .        (shield currently unavailable)
rNeg    . . .        v - +2 robe {Will+}
rPois   .            c - +0 hat
rElec   .            l - scarf {rC+ rF+}
rCorr   +            (no gloves)
SInv    .            (no boots)
Will    +....        (no amulet)
Stlth   ++           e - ring of resist corrosion
HPRegen 0.25/turn    n - ring of magical power
MPRegen 0.20/turn

%: no passive effects
@: no status effects
A: no striking features
a: Renounce Religion


You were on level 3 of the Dungeon.
You worshipped Vehumet.
Vehumet was aware of your devotion.
You visited 1 branch of the dungeon, and saw 3 of its levels.

You collected 182 gold pieces.

Inventory:

Hand Weapons
 t - a +4 quarterstaff of chaos (weapon)
Armour
 c - a +0 hat (worn)
 f - an orb of light
 j - a +0 robe of fire resistance
 l - a scarf of resistance (worn)
 p - a +0 buckler
 u - a +1 cloak
 v - a +2 robe of willpower (worn)
Jewellery
 e - a ring of resist corrosion (left hand)
 h - a ring of see invisible
 n - a ring of magical power (right hand)
 s - a ring of fire
Scrolls
 a - a scroll of revelation {unknown}
 b - 5 scrolls of identify {unknown}
 g - a scroll of immolation
 k - a scroll of enchant weapon {unknown}
 q - a scroll of summoning {unknown}
 r - a scroll of amnesia {unknown}
 x - a scroll of poison {unknown}
Potions
 d - a potion of magic
 i - 2 potions of mutation {unknown}
 m - a potion of resistance {unknown}
 o - a potion of enlightenment {unknown}
 w - a potion of might {unknown}


   Skills:
 - Level 1.0 Fighting
 - Level 1.1 Armour
 - Level 3.0 Dodging
 - Level 3.1 Stealth
 - Level 1.0 Shields
 * Level 6.9 Spellcasting
 + Level 3.2 Conjurations
 - Level 1.1 Summonings
 - Level 1.1 Translocations
 + Level 0.3 Fire Magic
 + Level 0.1 Air Magic
 + Level 1.6 Poison Magic


You had 9 spell levels left.
You knew the following spells:

 Your Spells              Type           Power      Damage    Failure   Level
a - Magic Dart            Conj           80%        1d7       2%          1
b - Mephitic Cloud        Conj/Pois/Air  14%        N/A       14%         3
c - Call Imp              Summ           22%        N/A       9%          2
d - Blink                 Tloc           22%        N/A       9%          2
e - Foxfire               Conj/Fire      56%        2x1d6     4%          1

Your spell library contained the following spells:

 Spells                   Type           Power      Damage    Failure   Level
 Slow                     Hex            28%        N/A       9%          1
 Cigotuvi's Dreadful Rot  Necr/Pois/Air  18%        N/A       11%         2
 Frozen Ramparts          Ice            14%        1d3       26%         3
 Petrify                  Tmut/Erth      7%         N/A       65%         4
 Metabolic Englaciation   Hex/Ice        3%         N/A       94%         5


Dungeon Overview and Level Annotations

Branches:
Dungeon (3/15)

Altars:
Vehumet


Message History

The foxfire hits the gnoll but does no damage.
The gnoll is almost dead.
The gnoll misses you.
The gnoll hits you from afar with a +0 halberd.
The gnoll hits itself with a +0 flail.
The gnoll is killed!
Vehumet accepts your kill.
Casting: Foxfire (safe; 4% risk of failure)
Confirm with . or Enter, or press ? or * to list all spells.
The spell is quite dangerous to miscast (14% risk of failure)!
Continue anyway?
Aiming: Mephitic Cloud (quite dangerous; 14% risk of failure)
Press: ? - help, Shift-Dir - straight line The ball explodes into a vile cloud!
The stinking cloud engulfs the gnoll but does no damage.
The stinking cloud engulfs the gnoll bouda but does no damage.
The gnoll bouda is lightly wounded.
The stinking cloud engulfs the gnoll but does no damage.
The foxfire hits the gnoll bouda but does no damage.
The gnoll bouda is lightly wounded.
The foxfire hits the gnoll bouda but does no damage.
The gnoll bouda is lightly wounded.
The gnoll is engulfed in noxious fumes.
The gnoll hits you but does no damage.
The gnoll hits you from afar with a +0 halberd!
Unknown command.
Casting: Mephitic Cloud (quite dangerous; 14% risk of failure)
Confirm with . or Enter, or press ? or * to list all spells.
You conjure some foxfire!
The gnoll bouda hits you with a +0 whip.
* * * LOW HITPOINT WARNING * * *
The gnoll is engulfed in noxious fumes.
The gnoll appears confused.
The gnoll barely misses you.
Found a book of Touch.
The foxfire hits the gnoll bouda.
The gnoll bouda is lightly wounded.
The foxfire hits the gnoll bouda but does no damage.
The gnoll bouda is lightly wounded.
The gnoll is engulfed in noxious fumes.
The gnoll appears confused.
Unknown command.
The gnoll bouda attacks as you move away!
The gnoll bouda hits you with a +0 whip!
You die...

####.# #: ### #.# .##
#.#### #.## ...# #....#
#.## #..###....######
#.##
#####....>.....##.###†##
........v..........##†##
#....#.##.#.........†.##
##.#..@§##..####.##..##
#...○○gg#...# #.##..##
..$.○○g.....## #.##..##
....#.##..#.# ..##..##
#...._ ...+.# .###..##
...... .....# .. ...##
..... ..... ## ...##
..... ....#.. # ##..
.##...


You could see a gnoll bouda and 2 gnolls.

Vanquished Creatures
  Sigmund (D:3)
  Crazy Yiuf (D:2)
  Jessica (D:2)
  5 adders
  2 gnolls (D:3)
  3 worms (D:2)
  A dart slug (D:1)
  7 ball pythons
  9 bats
  5 endoplasms
  5 giant cockroaches
  2 goblins (D:2)
  4 hobgoblins
  5 jackals
  3 quokkas
  6 frilled lizards
  8 kobolds
  8 rats
76 creatures vanquished.

Vanquished Creatures (others)
  42 foxfires (D:3)
42 creatures vanquished.

Grand Total: 118 creatures vanquished

Notes
Turn   | Place    | Note
-------+----------+-------------------------------------------
     0 | D:1      | pokeman the Deep Elf Hedge Wizard began the quest for the
                  | Orb.
     0 | D:1      | Reached XP level 1. HP: 10/10 MP: 7/7
   403 | D:1      | Reached XP level 2. HP: 16/16 MP: 4/9
   984 | D:1      | Reached skill level 5 in Spellcasting
  1370 | D:1      | Reached XP level 3. HP: 20/20 MP: 7/11
  1534 | D:2      | Noticed Jessica
  1542 | D:2      | Killed Jessica
  1543 | D:2      | Reached skill level 1 in Fighting
  1543 | D:2      | Reached skill level 1 in Armour
  1547 | D:2      | Learned a level 3 spell: Mephitic Cloud
  1550 | D:2      | Learned a level 2 spell: Call Imp
  1553 | D:2      | Learned a level 2 spell: Blink
  1819 | D:2      | Reached XP level 4. HP: 22/25 MP: 3/13
  1943 | D:2      | Found a radiant altar of Vehumet.
  1957 | D:2      | Became a worshipper of Vehumet
  3078 | D:2      | Found a runed translucent door.
  3079 | D:2      | Noticed Crazy Yiuf
  3107 | D:2      | Killed Crazy Yiuf
  3108 | D:2      | Reached skill level 6 in Spellcasting
  3108 | D:2      | Reached XP level 5. HP: 29/29 MP: 11/15
  3253 | D:3      | Reached * piety under Vehumet
  3253 | D:3      | Offered knowledge of Foxfire by Vehumet.
  3256 | D:3      | Learned a level 1 spell: Foxfire
  3278 | D:3      | Noticed Sigmund
  3288 | D:3      | Killed Sigmund
  3289 | D:3      | Reached skill level 1 in Shields
  3289 | D:3      | Reached skill level 1 in Poison Magic
  3289 | D:3      | Reached XP level 6. HP: 34/34 MP: 17/17
  3870 | D:3      | Found a faded altar of an unknown god.
  3886 | D:3      | Slain by a gnoll bouda

Illustrated notes

Levels and vault maps discovered:
D:1:      lemuel_arrival_funnel, layout_basic, moated_statue,
          minmay_misc_feat_square, chequers_serial_rivers_micro_c,
          solitary_fountain, corexii_leaking_fountain
D:2:      minmay_wonky_spiral, layout_loops_ring, basic_altar,
          kennysheep_generic_room_16, uniq_crazy_yiuf_cottage, uniq_jessica
D:3:      layout_loops_ring, hellmonk_ecumenical_altar_blasted,
          serial_co_window_serial, co_window_of_opportunity_a,
          co_window_cross_1, co_window_paths_a, co_window_paths_b,
          co_window_of_opportunity_a, co_window_paths_a, co_window_paths_a,
          co_window_of_opportunity_b, co_window_broadway_a,
          co_window_unsneaky_path_b, uniq_sigmund

Skill      XL: |  1  2  3  4  5 |
---------------+----------------+-----
Spellcasting   | 5 6 |  6.9
Fighting       | 1 |  1.0
Armour         | 1 |  1.1
Conjurations   | 2 3 |  3.2
Stealth        | 3 |  3.1
Dodging        | 3 |  3.0
Shields        | 1 |  1.0
Poison Magic   | 1 |  1.6
Summonings     | |  1.1
Translocations | |  1.1
Fire Magic     | |  0.3
Air Magic      | |  0.1

Action                     |  1- 3 |  4- 6 || total
---------------------------+-------+-------++-------
  Melee: Dagger            |       |     5 ||     5
         Punch             |       |     1 ||     1
         Quarterstaff      |       |     5 ||     5
   Cast: Magic Dart        |   112 |   100 ||   212
         Mephitic Cloud    |       |     4 ||     4
         Call Imp          |       |     1 ||     1
         Foxfire           |       |    24 ||    24
   Stab: Sleeping          |       |     2 ||     2
         Confused          |       |     1 ||     1
 Armour: Robe              |     8 |     4 ||    12
  Dodge: Dodged            |    17 |    28 ||    45

Table legend: (Time is in decaauts)
 A = Elapsed time spent in this place.
 B = Non-inter-level travel time spent in this place.
 C = Inter-level travel time spent in this place.
 D = Time resting spent in this place.
 E = Time spent auto-exploring this place.
 F = Levels seen in this place.
 G = Mean time per level.
                   A        B        C        D        E       F      G
               +--------+--------+--------+--------+--------+-----+--------+
         Total |   3885 |   3803 |     82 |      0 |   3333 |   3 | 1295.0 |
       Dungeon |   3885 |   3803 |     82 |      0 |   3333 |   3 | 1295.0 |
               +--------+--------+--------+--------+--------+-----+--------+

Top non-repeatable levels by time:
     D:2: 1667 daAuts
     D:1: 1533 daAuts
     D:3: 684 daAuts
